 Dungeon Crawl Stone Soup version 0.26-a0-690-gcb57259078 (webtiles) character file.

Game seed: 11938178087633138239

130 RaHiT the Skirmisher (level 4, -9/38 HPs)
             Began as a Demonspawn Chaos Knight on Oct 24, 2020.
             Was a Plaything of Xom.
             Killed by divine providence
             ... invoked by an orc priest
              (10 damage)
             ... on level 3 of the Dungeon.
             The game lasted 00:14:55 (2765 turns).

RaHiT the Skirmisher (Demonspawn Chaos Knight)      Turns: 2765, Time: 00:14:56

Health: -9/38      AC:  6    Str: 12    XL:     4   Next: 89%
Magic:  5/5        EV: 11    Int: 14    God:    Xom [......]
Gold:   113        SH:  0    Dex: 11    Spells: 5/5 levels left

rFire    + . .     SeeInvis .     - Unarmed
rCold    . . .     Faith    .   (no shield)
rNeg     . . .     Spirit   .   a - +2 leather armour
rPois    .         Reflect  .   (no helmet)
rElec    .         Harm     .   (no cloak)
rCorr    .         Rampage  .   (no gloves)
MR       .....                  (no boots)
Stlth    +.........             (no amulet)
HPRegen  0.12/turn              (no ring)
MPRegen  0.09/turn              (no ring)

@: no status effects
A: rugged brown scales 1, blurry vision 1, clumsy 1, fire resistance 1, wild
magic 1
a: Renounce Religion


You were on level 3 of the Dungeon.
You worshipped Xom.
You were a very special plaything of Xom.
You visited 1 branch of the dungeon, and saw 3 of its levels.

You collected 113 gold pieces.

Inventory:

Hand Weapons
 b - a +0 hunting sling
Missiles
 c - 16 stones (quivered)
 d - 18 bolts
 h - 73 arrows
Armour
 a - a +2 leather armour (worn)
Jewellery
 g - an uncursed ring of ice
Scrolls
 f - a scroll of amnesia
 j - 2 scrolls of teleportation
 l - a scroll of enchant armour {unknown}
 m - a scroll of remove curse {unknown}
Potions
 e - a potion of might
 i - a potion of curing
 k - a potion of magic
 o - a potion of lignification {unknown}


   Skills:
 * Level 3.9 Fighting
 + Level 1.1 Throwing
 + Level 2.3 Armour
 + Level 1.3 Dodging
 * Level 3.4 Unarmed Combat
 + Level 1.0 Spellcasting


You had 5 spell levels left.
You didn't know any spells.
Your spell library was empty.

Dungeon Overview and Level Annotations

Branches:
Dungeon (3/15)

Altars:
Elyvilon
Wu Jian


Innate Abilities, Weirdness & Mutations

You are partially covered in rugged brown scales. (AC +1, +3% HP)
Your flesh is heat resistant. (rF+)
Scrolls take you a little longer to read.
You are clumsy. (Dex -2)
Your spells are a little harder to cast, but a little more powerful.


Message History

The orc shouts!
You hit the orc priest.
The orc priest is heavily wounded.
The orc priest hits you but does no damage.
You hit the orc priest.
The orc priest is almost dead.
The orc priest invokes the aid of Beogh against you.
Pain shoots through your body!
The orc priest shouts!
You hit the orc priest but do no damage.
The orc priest is almost dead.
You hear a shout!
The orc priest mumbles some strange prayers to Beogh against you.
Pain shoots through your body!
* * * LOW HITPOINT WARNING * * *
A shower of butterflies erupts from you!
You swap places.
The orc priest invokes the aid of Beogh against you.
Beogh smites you!
You die...

#........#####.#)#....###.#..#
#.........................#
#........###.#.#.#....##..##
#........# #.#.#.#....##...#
#........# #.....#.#####.#.#
#........####....#.#####.#..#
#...............##.#.....# ...
#.....).######..b..............
#######.# #@#####.....#.....
#.# #b# #...B.##.##. #.#
#....ob.o....... ...
#.######b........... ...
#....†<#.b.?B....... ..
########......o...... ..
#........ #.......o ##...?...


You could see an orc priest (corona).

Vanquished Creatures
  An orc priest (D:3)
  4 adders
  2 worms
  3 dart slugs (D:1)
  A leopard gecko (D:1)
  An orc (D:3)
  2 giant cockroaches
  5 hobgoblins
  4 kobolds (D:1)
  2 quokkas (D:3)
  3 ball pythons
  9 bats
  A frilled lizard (D:3)
  8 goblins
  9 rats
55 creatures vanquished.

Notes
Turn   | Place    | Note
-------+----------+-------------------------------------------
     0 | D:1      | RaHiT the Demonspawn Chaos Knight began the quest for the
                  | Orb.
     0 | D:1      | Reached XP level 1. HP: 18/18 MP: 1/1
    45 | D:1      | XOM: divination: detect creatures
    92 | D:1      | Reached skill level 1 in Dodging
   119 | D:1      | Gained mutation: You are partially covered in rugged brown
                  | scales. (AC +1, +3% HP) [demonic ancestry]
   119 | D:1      | Reached XP level 2. HP: 15/24 MP: 2/2
   493 | D:1      | Reached XP level 3. HP: 26/29 MP: 3/3
   885 | D:2      | Found a white marble altar of Elyvilon.
  1162 | D:2      | Found an ornate altar of the Wu Jian Council.
  1271 | D:2      | XOM: torment (16/30 hp)
  1663 | D:2      | XOM: divination: detect items
  1742 | D:2      | XOM: give mutations
  1742 | D:2      | Gained mutation: Scrolls take you a little longer to read.
                  | [Xom's mischief]
  1742 | D:2      | Gained mutation: Your spells are a little harder to cast,
                  | but a little more powerful. [Xom's mischief]
  1757 | D:2      | Reached skill level 1 in Throwing
  1757 | D:2      | Gained mutation: Your flesh is heat resistant. (rF+)
                  | [demonic ancestry]
  1757 | D:2      | Reached XP level 4. HP: 24/38 MP: 5/5
  2381 | D:3      | Reached skill level 1 in Spellcasting
  2587 | D:2      | XOM: give mutation
  2587 | D:2      | Gained mutation: You are clumsy. (Dex -2) [Xom's mischief]
  2619 | D:3      | XOM: confusion (+ monsters)
  2760 | D:3      | XOM: fake destruction
  2764 | D:3      | HP: 1/38 [orc priest/nerve-wracking pain (14)]
  2764 | D:3      | XOM: butterfly on damage
  2765 | D:3      | Killed from afar by an orc priest

Illustrated notes

Levels and vault maps discovered:
D:1:      lightli_arrival_chessboard, layout_loops_ring, chequers_arboretum
D:2:      layout_basic, lemuel_doored_altar, elyvilon_altar_5
D:3:      layout_basic, gammafunk_ghost_stat_death, uniq_grinder

Skill      XL: |  1  2  3  4 |
---------------+-------------+-----
Dodging        | 1 |  1.3
Armour         | 2 |  2.3
Unarmed Combat | 3 |  3.4
Throwing       | 1 |  1.1
Spellcasting   | 1 |  1.0
Fighting       | |  3.9

Action                   |  1- 3 |  4- 6 || total
-------------------------+-------+-------++-------
Melee: Unarmed           |   168 |    82 ||   250
       Punch             |     1 |     2 ||     3
 Fire: Hunting sling     |    22 |    19 ||    41
  Use: Scroll            |       |     5 ||     5
Armor: Leather armour    |    60 |    26 ||    86
Dodge: Dodged            |    95 |    46 ||   141

Table legend: (Time is in decaauts)
 A = Elapsed time spent in this place.
 B = Non-inter-level travel time spent in this place.
 C = Inter-level travel time spent in this place.
 D = Time resting spent in this place.
 E = Time spent auto-exploring this place.
 F = Levels seen in this place.
 G = Mean time per level.
                   A        B        C        D        E       F      G
               +--------+--------+--------+--------+--------+-----+--------+
         Total |   2745 |   2595 |    150 |    935 |    289 |   3 |  915.0 |
       Dungeon |   2745 |   2595 |    150 |    935 |    289 |   3 |  915.0 |
               +--------+--------+--------+--------+--------+-----+--------+

Top non-repeatable levels by time:
     D:2: 1305 daAuts
     D:1: 1123 daAuts
     D:3: 316 daAuts
